 Dungeon Crawl Stone Soup version 0.21-a0-584-g185da8e (webtiles) character file.

50 Timinator the Insei (level 3, -1/26 HPs)
             Began as a Vampire Transmuter on Dec 20, 2017.
             Slain by an adder (3 damage)
             ... on level 2 of the Dungeon.
             The game lasted 00:10:02 (1205 turns).

Timinator the Insei (Vampire Transmuter)            Turns: 1205, Time: 00:10:02

Health: -1/26      AC:  2    Str: 10    XL:     3   Next: 55%
Magic:  5/6        EV: 13    Int: 15    God:
Gold:   48         SH:  0    Dex: 14    Spells: 5/6 levels left

rFire    . . .     SeeInvis +     - Unarmed
rCold    . . .     Gourm    .   (no shield)
rNeg     . . .     Faith    .   b - +0 robe
rPois    .         Spirit   .   (no helmet)
rElec    .         Reflect  .   (no cloak)
rCorr    .         Harm     .   (no gloves)
MR       .....                  (no boots)
Stlth    ++........             (no amulet)
HPRegen  0.28/turn              (no ring)
MPRegen  0.10/turn              (no ring)

@: lethally poisoned (-1 -> -2), appendage, regenerating quickly
A: fangs 3, horns 2, see invisible, unbreathing
a: End Transformation


You were on level 2 of the Dungeon.
You were full.
You had grown temporary horns.
You visited 1 branch of the dungeon, and saw 2 of its levels.

You collected 48 gold pieces.

Inventory:

Missiles
 a - 34 arrows
Armour
 b - a +0 robe (worn)
 f - a +0 ring mail
Scrolls
 g - 3 scrolls of remove curse {unknown}
 j - a scroll of amnesia {unknown}
Potions
 d - 3 potions of blood
Books
 c - a book of Changes

   Spells                             Type                      Level
   a - Beastly Appendage              Transmutation                1
   b - Sticks to Snakes               Transmutation                2
   c - Spider Form                    Transmutation/Poison         3
   d - Ice Form                       Ice/Transmutation            4
   e - Blade Hands                    Transmutation                5


   Skills:
 * Level 1.6 Fighting
 * Level 2.6 Dodging
 + Level 1.5 Stealth
 + Level 3.8 Unarmed Combat
 - Level 2.0 Spellcasting
 * Level 2.8 Transmutations


You had 5 spell levels left.
You knew the following spells:

 Your Spells              Type           Power        Failure   Level  Hunger
a - Beastly Appendage     Tmut           ##....       7%          1    #......


Dungeon Overview and Level Annotations

Branches:
Dungeon (2/15)

Altars:


Innate Abilities, Weirdness & Mutations

Your natural rate of healing is unusually fast.
You have razor-sharp teeth.
You have supernaturally acute eyesight. (SInv)
You can survive without breathing.
You have a pair of horns on your head.


Message History

You grow a pair of large bovine horns.
The adder closely misses you.
You barely miss the adder. Your headbutt misses the adder.
The adder is heavily wounded.
You feel sick. The adder misses you. The adder bites you but does no damage.
You barely miss the adder. Your headbutt misses the adder.
The adder is heavily wounded.
The adder bites you but does no damage.
You hit the adder but do no damage.
The adder is heavily wounded.
The adder barely misses you.
You hit the adder.
The adder is almost dead.
You feel sick. The adder misses you.
You miss the adder.
The adder is almost dead.
The adder closely misses you.
You barely miss the adder.
The adder is almost dead.
The adder bites you.
You die...

## .## ..# ...
#.# #.#
#.######.####.#
#.....S@......#
########.######
............#
#.######..##.#
#.# #...#.# #.#
##.##.# #.#
##.##.# # #.#
###...#.##.#
#.####.....)....#


You could see an adder.

Vanquished Creatures
  2 adders (D:2)
  A worm (D:2)
  3 dart slugs
  2 leopard geckos (D:1)
  A giant cockroach (D:1)
  2 goblins (D:1)
  6 hobgoblins
  3 frilled lizards
  A kobold (D:1)
  A rat (D:1)
22 creatures vanquished.

Notes
Turn   | Place    | Note
-------+----------+-------------------------------------------
     0 | D:1      | Timinator the Vampire Transmuter began the quest for the Orb.
     0 | D:1      | Reached XP level 1. HP: 14/14 MP: 3/3
    26 | D:1      | Reached skill level 1 in Fighting
   157 | D:1      | Reached XP level 2. HP: 17/21 MP: 3/5
  1024 | D:2      | Reached XP level 3. HP: 17/26 MP: 4/6
  1154 | D:2      | Reached skill level 1 in Stealth
  1205 | D:2      | Slain by an adder

Vault maps used:
D:1:      lightli_arrival_flooded_house
D:2:      chequers_ecumenical_altar_lobes

Skill      XL: |  1  2  3 |
---------------+----------+-----
Fighting       | 1 |  1.6
Stealth        | 1 |  1.5
Dodging        | |  2.6
Unarmed Combat | |  3.8
Spellcasting   | |  2.0
Transmutations | |  2.8

Action                   || total
-------------------------++-------
Melee: Unarmed           ||    84
       Kick              ||    12
       Bite              ||     5
       Headbutt          ||     4
       Punch             ||     2
 Cast: Beastly Appendage ||    18
  Use: Potion            ||     5
  Eat: Corpse            ||     7
Armor: Robe              ||    12
Dodge: Dodged            ||    45

Table legend:
 A = Spawn XP
 B = Non-spawn XP
 C = Spawn XP percentage of total XP
 D = Spawn monster count
 E = Non-spawn monster count
 F = Spawn count percentage of total count
 G = Total turns spent on level
                    A         B        C        D         E        F      G
               +---------+---------+-------+---------+---------+-------+---------
         Total |       0 |      72 |   0.0 |       0 |      22 |   0.0 |  1205
               +---------+---------+-------+---------+---------+-------+---------
           D:1 |       0 |      28 |   0.0 |       0 |      13 |   0.0 |  1057
           D:2 |       0 |      44 |   0.0 |       0 |       9 |   0.0 |   148
               +---------+---------+-------+---------+---------+-------+---------
